PCL
DISTRICT 9 PRAWNS @ LAS VEGAS STARS
07/12/2026
 
TOP OF THE 1ST
District 9 Prawns batting - Pitching for Las Vegas Stars : LHP Walter Bamber
Pitching: LHP Walter Bamber
Batting: SHB Mark Pope 0-0: Ball
1-0: Swinging Strike
1-1: Foul Ball, location: 2F
1-2: SINGLE (Line Drive, 56D)
Batting: RHB Lateef Makini 0-0: Ball
1-0: Ball
2-0: Called Strike
2-1: Ball
3-1: Base on Balls
Mark Pope to second
Batting: LHB Leonard Harvey 0-0: Ball
1-0: Swinging Strike
1-1: Foul Ball, location: 2F
1-2: Ball
2-2: Fly out, F6 (Popup, 6D)
Batting: RHB Rafael González 0-0: Ball
1-0: Called Strike
1-1: Grounds into double play, 6-4-3 (Groundball, 6)
Top of the 1st over - 0 run(s), 1 hit(s), 0 error(s), 1 left on base; District 9 0 - Las Vegas 0
BOTTOM OF THE 1ST
Las Vegas Stars batting - Pitching for District 9 Prawns : RHP Mike Stabler
Pitching: RHP Mike Stabler
Batting: SHB Sloan James 0-0: Ball
1-0: Called Strike
1-1: DOUBLE (Line Drive, 9LM)
Batting: LHB Bryan Foster 0-0: Ground out 4-3 (Groundball, 4S)
Sloan James to third
Batting: RHB Kyle Bacon 0-0: Ball
1-0: Ball
2-0: Foul Ball, location: 2F
2-1: Ground out 1-3 (Groundball, 15)
Batting: LHB Diego Torres 0-0: Foul Ball, location: 2F
0-1: Called Strike
0-2: Foul Ball, location: 2F
0-2: Ball
1-2: Ball
2-2: Ball
3-2: Base on Balls
Batting: RHB Reginaldo Jaconelli 0-0: Ball
1-0: Ball
2-0: Ground out 5-3 (Groundball, 5)
Bottom of the 1st over - 0 run(s), 1 hit(s), 0 error(s), 2 left on base; District 9 0 - Las Vegas 0
TOP OF THE 2ND
District 9 Prawns batting - Pitching for Las Vegas Stars : LHP Walter Bamber
Batting: SHB Tommy Bourassa 0-0: Called Strike
0-1: Ball
1-1: Called Strike
1-2: Strikes out swinging
Batting: RHB Lúcio García 0-0: Ball
1-0: Ball
2-0: Foul Ball, location: 2F
2-1: Foul Ball, location: 2F
2-2: Ground out 6-3 (Groundball, 6)
Batting: RHB Brian Jackson 0-0: Ball
1-0: Fly out, F8 (Flyball, 8LM)
Top of the 2nd over - 0 run(s), 0 hit(s), 0 error(s), 0 left on base; District 9 0 - Las Vegas 0
BOTTOM OF THE 2ND
Las Vegas Stars batting - Pitching for District 9 Prawns : RHP Mike Stabler
Batting: LHB Fernando De La Cruz 0-0: Called Strike
0-1: Ball
1-1: Foul Ball, location: 2F
1-2: Ground out 4-3 (Groundball, 4)
Batting: RHB Matthieu Vancini 0-0: Ball
1-0: Ground out 4-3 (Groundball, 4)
Batting: LHB Henry Leroux 0-0: Called Strike
0-1: Ground out 4-3 (Groundball, 4)
Bottom of the 2nd over - 0 run(s), 0 hit(s), 0 error(s), 0 left on base; District 9 0 - Las Vegas 0
TOP OF THE 3RD
District 9 Prawns batting - Pitching for Las Vegas Stars : LHP Walter Bamber
Batting: LHB Enrique Nalasco 0-0: Ball
1-0: Called Strike
1-1: Swinging Strike
1-2: Ground out 1-3 (Groundball, 15)
Batting: LHB Leonard Young 0-0: Called Strike
0-1: Ball
1-1: Ball
2-1: Foul Ball, location: 2F
2-2: Foul Ball, location: 2F
2-2: Foul Ball, location: 2F
2-2: Ball
3-2: Foul Ball, location: 2F
3-2: Ground out 4-3 (Groundball, 34)
Batting: SHB Mark Pope 0-0: Ball
1-0: Fly out, F7 (Line Drive, 78M)
Top of the 3rd over - 0 run(s), 0 hit(s), 0 error(s), 0 left on base; District 9 0 - Las Vegas 0
BOTTOM OF THE 3RD
Las Vegas Stars batting - Pitching for District 9 Prawns : RHP Mike Stabler
Batting: RHB Ryan Campbell 0-0: Ball
1-0: Called Strike
1-1: Ball
2-1: Ball
3-1: Base on Balls
Batting: SHB Sloan James 0-0: Ball
1-0: Called Strike
1-1: Foul Ball, location: 2F
1-2: Fly out, F6 (Line Drive, 6M)
Batting: LHB Bryan Foster 0-0: Called Strike
0-1: Swinging Strike
0-2: Foul Ball, location: 2F
0-2: Ball
1-2: Ball
2-2: DOUBLE (Line Drive, 9LM)
Ryan Campbell to third
Ryan Campbell scores
Batting: RHB Kyle Bacon 0-0: Ball
1-0: Called Strike
1-1: Foul Ball, location: 2F
1-2: Foul Ball, location: 2F
1-2: Foul Ball, location: 2F
1-2: Ball
2-2: DOUBLE (Line Drive, 89M)
Bryan Foster scores
Batting: LHB Diego Torres 0-0: Ball
1-0: Foul Ball, location: 2F
1-1: DOUBLE (Flyball, 9D)
Kyle Bacon scores
Batting: RHB Reginaldo Jaconelli 0-0: Called Strike
0-1: Ball
1-1: SINGLE (Line Drive, 78S)
Diego Torres to third
Runner from 3rd tries for Home, SAFE, throw made home
Batting: LHB Fernando De La Cruz 0-0: Ball
1-0: Called Strike
1-1: Foul Ball, location: 2F
1-2: Ball
2-2: Ball
3-2: Foul Ball, location: 2F
3-2: Foul Ball, location: 2F
3-2: Base on Balls
Reginaldo Jaconelli to second
Batting: RHB Matthieu Vancini 0-0: Ball
1-0: Ball
2-0: Ball
3-0: Base on Balls
Reginaldo Jaconelli to third
Fernando De La Cruz to second
Pitching: RHP Doug Adams
Batting: LHB Henry Leroux 0-0: Called Strike
0-1: Called Strike
0-2: Ball
1-2: Strikes out swinging
Batting: RHB Ryan Campbell 0-0: Called Strike
0-1: Called Strike
0-2: Foul Ball, location: 2F
0-2: Fly out, F6 (Line Drive, 6)
Bottom of the 3rd over - 4 run(s), 4 hit(s), 0 error(s), 3 left on base; District 9 0 - Las Vegas 4
TOP OF THE 4TH
District 9 Prawns batting - Pitching for Las Vegas Stars : LHP Walter Bamber
Batting: RHB Lateef Makini 0-0: Ball
1-0: SINGLE (Groundball, 25) (infield hit)
Batting: LHB Leonard Harvey 0-0: Foul Ball, location: 2F
0-1: Swinging Strike
0-2: Grounds into double play, U4-3 (Groundball, 4)
Batting: RHB Rafael González 0-0: Called Strike
0-1: Ball
1-1: Ball
2-1: Called Strike
2-2: Ball
3-2: Base on Balls
Batting: SHB Tommy Bourassa 0-0: Called Strike
0-1: Ball
1-1: Swinging Strike
1-2: 2-RUN HOME RUN (Flyball, 7D), Distance : 399 ft
Batting: RHB Lúcio García 0-0: DOUBLE (Line Drive, 6M)
Batting: RHB Brian Jackson 0-0: Ground out 5-3 (Groundball, 6S)
Top of the 4th over - 2 run(s), 3 hit(s), 0 error(s), 1 left on base; District 9 2 - Las Vegas 4
BOTTOM OF THE 4TH
Las Vegas Stars batting - Pitching for District 9 Prawns : RHP Doug Adams
Batting: SHB Sloan James 0-0: Ball
1-0: Ball
2-0: Called Strike
2-1: SINGLE (Line Drive, 56D)
Batting: LHB Bryan Foster 0-0: Ball
1-0: Fly out, F5 (Popup, 25)
Batting: RHB Kyle Bacon 0-0: Fly out, F8 (Flyball, 8LD)
Batting: LHB Diego Torres 0-0: Called Strike
0-1: Ball
1-1: Called Strike
1-2: TRIPLE (Line Drive, 9LD)
Sloan James scores
Batting: RHB Reginaldo Jaconelli 0-0: Ball
1-0: Ball
2-0: Called Strike
2-1: Ball
3-1: Foul Ball, location: 2F
3-2: Base on Balls
Batting: LHB Fernando De La Cruz 0-0: Ground out 4-3 (Groundball, 34)
Bottom of the 4th over - 1 run(s), 2 hit(s), 0 error(s), 2 left on base; District 9 2 - Las Vegas 5
TOP OF THE 5TH
District 9 Prawns batting - Pitching for Las Vegas Stars : LHP Walter Bamber
Batting: LHB Enrique Nalasco 0-0: Fly out, F8 (Line Drive, 8LM)
Batting: LHB Leonard Young 0-0: Fly out, F9 (Flyball, 89S)
Batting: SHB Mark Pope 0-0: Ball
1-0: Swinging Strike
1-1: Foul Ball, location: 2F
1-2: SINGLE (Line Drive, 4MD)
Batting: RHB Lateef Makini 0-0: Swinging Strike
0-1: SINGLE (Line Drive, 6D)
Mark Pope to second
Batting: LHB Leonard Harvey 0-0: Ball
1-0: Ball
2-0: Foul Ball, location: 2F
2-1: Swinging Strike
2-2: Foul Ball, location: 2F
2-2: Foul Ball, location: 2F
2-2: Ball
3-2: Base on Balls
Mark Pope to third
Lateef Makini to second
Pitching: LHP Ricardo Díaz
Batting: RHB Rafael González 0-0: Ball
Passed Ball!
Mark Pope scores
Lateef Makini to third
Leonard Harvey to second
1-0: TRIPLE (Flyball, 78D)
Lateef Makini scores
Leonard Harvey scores
Batting: SHB Tommy Bourassa 0-0: Swinging Strike
0-1: Foul Ball, location: 2F
0-2: Ball
1-2: Fly out, F9 (Flyball, 89D)
Top of the 5th over - 3 run(s), 3 hit(s), 0 error(s), 1 left on base; District 9 5 - Las Vegas 5
BOTTOM OF THE 5TH
Las Vegas Stars batting - Pitching for District 9 Prawns : RHP Doug Adams
Batting: RHB Matthieu Vancini 0-0: Fly out, F6 (Line Drive, 56)
Now at SS: Alfredo Rangel
Batting: LHB Henry Leroux 0-0: Swinging Strike
0-1: Called Strike
0-2: Foul Ball, location: 2F
0-2: Strikes out swinging
Batting: RHB Ryan Campbell 0-0: Ground out 5-3 (Groundball, 5)
Bottom of the 5th over - 0 run(s), 0 hit(s), 0 error(s), 0 left on base; District 9 5 - Las Vegas 5
TOP OF THE 6TH
District 9 Prawns batting - Pitching for Las Vegas Stars : LHP Ricardo Díaz
Batting: RHB Lúcio García 0-0: Foul Ball, location: 2F
0-1: Ball
1-1: Called Strike
1-2: Ball
2-2: Ground out 5-3 (Groundball, 5S)
Batting: RHB Brian Jackson 0-0: Ball
1-0: Ball
2-0: Foul Ball, location: 2F
2-1: Ball
3-1: DOUBLE (Line Drive, 89M)
Batting: LHB Enrique Nalasco 0-0: Ball
1-0: Foul Ball, location: 2F
1-1: Fly out, F8 (Flyball, 8RM)
Batting: LHB Leonard Young 0-0: Ball
1-0: Called Strike
1-1: Fly out, F7 (Flyball, 78M)
Top of the 6th over - 0 run(s), 1 hit(s), 0 error(s), 1 left on base; District 9 5 - Las Vegas 5
BOTTOM OF THE 6TH
Las Vegas Stars batting - Pitching for District 9 Prawns : RHP Doug Adams
Batting: SHB Sloan James 0-0: Ball
1-0: Called Strike
1-1: Ball
2-1: Ball
3-1: Base on Balls
Batting: LHB Bryan Foster 0-0: Ball
1-0: Called Strike
1-1: Swinging Strike
1-2: Ball
2-2: Strikes out swinging
Batting: RHB Kyle Bacon 0-0: Ball
1-0: Foul Ball, location: 2F
1-1: Grounds into double play, 5-4-3 (Groundball, 56)
Bottom of the 6th over - 0 run(s), 0 hit(s), 0 error(s), 0 left on base; District 9 5 - Las Vegas 5
TOP OF THE 7TH
District 9 Prawns batting - Pitching for Las Vegas Stars : LHP Ricardo Díaz
Pitching: RHP Mike Drader
Batting: RHB Alfredo Rangel 0-0: DOUBLE (Line Drive, 5)
Batting: RHB Lateef Makini 0-0: Ball
1-0: Sac Bunt - play at third, runner OUT! 1-5
Batting: LHB Leonard Harvey 0-0: Swinging Strike
0-1: Swinging Strike
0-2: Strikes out swinging
Pinch Hitting: RHB Mal Snyder 0-0: Called Strike
0-1: Ball
1-1: Ball
2-1: Ball
3-1: Foul Ball, location: 2F
3-2: Ground out 6-3 (Groundball, 6D)
Top of the 7th over - 0 run(s), 1 hit(s), 0 error(s), 1 left on base; District 9 5 - Las Vegas 5
BOTTOM OF THE 7TH
Las Vegas Stars batting - Pitching for District 9 Prawns : RHP Doug Adams
Pitching: RHP Bill McKinney
Now at 2B: George Flanagan
Batting: LHB Diego Torres 0-0: Ball
1-0: Foul Ball, location: 2F
1-1: Foul Ball, location: 2F
1-2: DOUBLE (Line Drive, 3L)
Batting: RHB Reginaldo Jaconelli 0-0: Called Strike
0-1: Ball
1-1: Ball
2-1: Foul Ball, location: 2F
2-2: SINGLE (Groundball, 56)
Diego Torres to third
Batting: LHB Fernando De La Cruz 0-0: Ball
1-0: Swinging Strike
1-1: Foul Ball, location: 2F
1-2: Foul Ball, location: 2F
1-2: Ball
2-2: DOUBLE (Line Drive, 8RM)
Diego Torres scores
Reginaldo Jaconelli to third
Pinch Hitting: LHB Eliot Helen 0-0: Foul Ball, location: 2F
0-1: Ball
1-1: Fly out, F9 (Flyball, 9S)
Batting: LHB Henry Leroux 0-0: Called Strike
0-1: Ball
1-1: Ball
2-1: Ball
3-1: Called Strike
3-2: Base on Balls
Pinch Hitting: RHB Ron Shelton 0-0: Ball
1-0: Called Strike
1-1: Fly out, F7 (Flyball, 7M)
Runner from 3rd tags up, SCORES, throw made
Batting: SHB Sloan James 0-0: Foul Ball, location: 2F
0-1: Foul Ball, location: 2F
0-2: DOUBLE (Line Drive, 78M)
Fernando De La Cruz scores
Henry Leroux to third
Runner from 3rd tries for Home, SAFE, no throw or cutoff
Pitching: RHP António García
Batting: LHB Bryan Foster 0-0: Ball
1-0: Ball
2-0: Ground out 4-3 (Groundball, 4)
Bottom of the 7th over - 4 run(s), 4 hit(s), 0 error(s), 1 left on base; District 9 5 - Las Vegas 9
TOP OF THE 8TH
District 9 Prawns batting - Pitching for Las Vegas Stars : RHP Mike Drader
Now at SS: Susumu Sugiyama
Now in LF: Eliot Helen
Batting: SHB Tommy Bourassa 0-0: Ball
1-0: Called Strike
1-1: Called Strike
1-2: Strikes out looking
Batting: RHB Lúcio García 0-0: Ball
1-0: Foul Ball, location: 2F
1-1: Called Strike
1-2: Strikes out swinging
Batting: RHB Brian Jackson 0-0: Foul Ball, location: 2F
0-1: SINGLE (Groundball, 34D)
Batting: LHB Enrique Nalasco 0-0: Called Strike
0-1: Called Strike
0-2: Ball
1-2: SINGLE (Groundball, 3S) (infield hit)
Brian Jackson to second
Pitching: LHP Jeff Catron
Batting: LHB Leonard Young 0-0: Swinging Strike
0-1: Foul Ball, location: 2F
0-2: Ball
Error on foul ball, E2
1-2: Strikes out looking
Top of the 8th over - 0 run(s), 2 hit(s), 1 error(s), 2 left on base; District 9 5 - Las Vegas 9
BOTTOM OF THE 8TH
Las Vegas Stars batting - Pitching for District 9 Prawns : RHP António García
Batting: RHB Kyle Bacon 0-0: Ball
1-0: Called Strike
1-1: Ball
2-1: Ball
3-1: Foul Ball, location: 2F
3-2: Strikes out swinging
Batting: LHB Diego Torres 0-0: Ball
1-0: Called Strike
1-1: Ball
2-1: Ball
3-1: Swinging Strike
3-2: Base on Balls
Batting: RHB Reginaldo Jaconelli 0-0: Ball
1-0: Ball
2-0: Swinging Strike
2-1: Fly out, F7 (Flyball, 7S)
Batting: LHB Fernando De La Cruz 0-0: Called Strike
0-1: Ball
1-1: SINGLE (Line Drive, 8RS)
Diego Torres to second
Batting: LHB Eliot Helen 0-0: Ball
Wild Pitch!
Diego Torres to third
Fernando De La Cruz to second
1-0: Called Strike
1-1: Ground out 6-3 (Groundball, 6M)
Bottom of the 8th over - 0 run(s), 1 hit(s), 0 error(s), 2 left on base; District 9 5 - Las Vegas 9
TOP OF THE 9TH
District 9 Prawns batting - Pitching for Las Vegas Stars : LHP Jeff Catron
Batting: RHB Alfredo Rangel 0-0: Called Strike
0-1: Ball
1-1: Swinging Strike
1-2: Ground out 6-3 (Groundball, 6M)
Batting: RHB Lateef Makini 0-0: Fly out, F3 (Popup, 3F)
Batting: LHB Leonard Harvey 0-0: Ball
1-0: Ground out 4-3 (Groundball, 34)
Top of the 9th over - 0 run(s), 0 hit(s), 0 error(s), 0 left on base; District 9 5 - Las Vegas 9
Monday, December 5th, 2016 - OOTP Baseball 17.12 Build 75